cohdb
Replays
Latest Replays
All Replays
Popular Replays
Top Player Replays
Match Explorer
How It Works
Community
CoH3 Stats
Reddit
Sign in to upload your games and track your stats! →
Sign in with Steam
Match 40553814
Unlisted
Match 40553814
Overview
Messages
Build Orders
End
Pioneer Squad
Kettenkrad Recon Vehicle
Construct Infanterie Kompanie
Selects Terror Battlegroup
Selects Machine Gun Camouflage
MG 42 Machine Gun Team
MG 42 Machine Gun Team
Construct Luftwaffe Kompanie
Jäger Squad
Selects Interrogate
Medical Bunker
221 Scout Car
Jäger Squad
Flak 30 Anti-aircraft Gun Team
Goodvyn
The Cashman
0
0
Comments
sign in to comment!
No comments posted yet!